 Dungeon Crawl Stone Soup version 0.28-a0-1227-ga9037bb4c8 (webtiles) character file.

Game seed: 2153121163418551922

1713 bearlyready the Slinger (level 8, -2/97 HPs)
             Began as a Demonspawn Hunter on Dec 22, 2021.
             Was a Believer of Okawaru.
             Asphyxiated
             ... in a sewer.
             The game lasted 00:08:48 (6065 turns).

bearlyready the Slinger (Demonspawn Hunter)         Turns: 6065, Time: 00:08:49

Health: -2/97      AC: 24    Str: 12    XL:     8   Next: 74%
Magic:  12/12      EV:  2    Int: 19    God:    Okawaru [**....]
Gold:   286        SH:  0    Dex: 18    Spells: 7/7 levels left

rFire   . . .      SeeInvis +   a - +0 fustibalus
rCold   . . .      Faith    .   (no shield)
rNeg    . . .      Spirit   .   (armour currently unavailable)
rPois   +          Reflect  .   (helmet currently unavailable)
rElec   .          Harm     .   (cloak currently unavailable)
rCorr   .          Rampage  .   (gloves currently unavailable)
Will    .....      Clarity  +   (boots currently unavailable)
Stlth   ++++...... NoTele   +   (no amulet)
HPRegen 0.26/turn               j - ring of see invisible
MPRegen 0.13/turn               m - +6 ring of intelligence

@: mighty, brilliant, lethally poisoned (-2 -> -3), tree-form, attractive,
slowed, very slow
A: stationary, stasis, torment immunity, boosted hp, thin skeletal structure 2,
(demonic touch 1), clarity, clumsy 1
a: Renounce Religion, Heroism


You were in a sewer.
You worshipped Okawaru.
Okawaru was pleased with you.
You were a tree.
You visited 1 branch of the dungeon, and saw 6 of its levels.
You also visited: Sewer.

You collected 286 gold pieces.

Inventory:

Hand Weapons
 a - a +0 fustibalus (weapon)
 b - a +2 whip of flaming
 t - a +1 hunting sling
 B - a +0 short sword
Missiles
 d - 55 sling bullets (quivered ammo)
 g - 3 poisoned darts
 i - 92 stones
 q - 3 boomerangs
Armour
 c - a +0 leather armour
 n - a +1 cloak (melded)
 o - a +0 ring mail (melded)
 r - a +2 robe of fire resistance
Jewellery
 j - a ring of see invisible (left branch)
 m - a +6 ring of intelligence (right branch)
 D - a ring of magical power
Wands
 f - a wand of digging (3)
Scrolls
 h - 3 scrolls of enchant armour
 l - a scroll of magic mapping {unknown}
 w - 2 scrolls of immolation
 y - a scroll of vulnerability {unknown}
 A - a scroll of fear
 C - a scroll of brand weapon {unknown}
 F - 2 scrolls of noise
Potions
 p - a potion of flight
 v - a potion of ambrosia {unknown}
 x - a potion of haste {unknown}
 z - a potion of resistance {unknown}
 E - a potion of mutation
 G - a potion of heal wounds {unknown}


   Skills:
 + Level 6.4 Fighting
 + Level 8.3 Slings
 - Level 1.7 Dodging
 - Level 0.8 Stealth
 + Level 5.9 Invocations


You had 7 spell levels left.
You didn't know any spells.
Your spell library contained the following spells:

 Spells                   Type           Power      Damage    Failure   Level
 Scorch                   Fire           0%         2d5       30%         2
 Flame Wave               Conj/Fire      0%         2d4       90%         4
 Summon Cactus Giant      Summ           Unusable   N/A       N/A         6

Dungeon Overview and Level Annotations

Branches:
Dungeon (6/15)              Sewer (1/1)
 Temple: D:4-7

Altars:
Dithmenos
Gozag
Okawaru
Ru
Uskayaw
Zin

Shops:
D:5 (

Annotations:
D:5 1 runed translucent door, Crazy Yiuf


Innate Abilities, Weirdness & Mutations

You are a tree.
Your roots penetrate the ground, keeping you stationary.
You cannot be teleported.
You are immune to unholy pain and torment.
Your maximum health is greatly increased.
Your equipment is partially melded.
You have a moderately thin skeletal structure. (Dex +4, Stealth++)
((Your touch may inflict minor irresistible damage on your foes.))
You possess an exceptional clarity of mind.
You are clumsy. (Dex -2)


Message History

It was a potion of lignification.
You turn into a tree.
Your +1 cloak melds into your body.
Your +0 ring mail melds into your body.
Your roots penetrate the ground.
* * * LOW HITPOINT WARNING * * *
You feel very sick.
The kobold brigand unwields a +0 dagger.
The kobold brigand wields a +0 hand crossbow.
The kobold brigand shoots a bolt.
The bolt hits you but does no damage.
Okay, then.
Fire: 93 stones
Press: ? - help, Q - select action, (/) - cycle Shift-Dir - straight line, f/p - kobold brigand
Aim: a kobold brigand, wielding a +0 hand crossbow and quivering bolts (59% to hit)
You shoot a stone. The stone hits the kobold brigand.
The kobold brigand is lightly wounded.
You hear a splash.
You feel very sick.
The kobold brigand shoots a bolt.
The bolt hits you but does no damage.
Fire: 56 sling bullets
Press: ? - help, Q - select action, (/) - cycle Shift-Dir - straight line, f/p - kobold brigand
Aim: a kobold brigand, wielding a +0 hand crossbow and quivering bolts (lightly wounded, 59% to hit)
You shoot a sling bullet.
The sling bullet hits the kobold brigand.
The kobold brigand is moderately wounded.
You hear a splash.
You feel sick.
It was a potion of brilliance.
You feel clever all of a sudden.
You feel sick.
The kobold brigand unwields a +0 hand crossbow.
The kobold brigand wields a +0 dagger.
The kobold brigand barely misses you.
It was a potion of might.
You feel very mighty all of a sudden.
You feel sick.
Okay, then.
It was a potion of attraction.
You feel attractive to monsters.
You feel sick.
The kobold brigand throws a curare-tipped dart.
The curare-tipped dart hits you.
You have difficulty breathing.
You die...

#. .#.#.# #K
(#≈#≈# #≈
K#≈#≈# ≈#≈#≈#≈#
≈..#≈.≈#
#≈###≈## #≈#
#)# #(###.#
#K≈♣≈≈# ##≈K≈##
#≈≈≈# .. #≈.≈#
.≈# ##.≈.# .≈≈#
##..≈≈#
≈≈..#####≈.≈≈≈#
≈...≈≈≈≈≈....##
#.≈≈≈≈..≈.###


You could see 2 kobold brigands.

Vanquished Creatures
  Pikel (D:4)
  Sigmund (D:3)
  A water moccasin (D:5)
  A sky beast (D:5)
  An ice beast (D:5)
  3 necrophages
  2 phantoms (D:4)
  3 lemures (D:3)
  2 kobold brigands
  A hound (D:3)
  A jelly (D:3)
  2 bullfrog skeletons
  A gnoll shaman (D:4)
  A howler monkey zombie (D:3)
  6 adders
  2 ufetubi (D:5)
  An adder skeleton (D:4)
  A worm (D:4)
  2 dart slugs
  7 orcs
  9 bats
  9 endoplasms
  A giant cockroach (D:4)
  5 goblins
  5 hobgoblins
  6 jackals (D:2)
  A quokka (D:1)
  4 ball pythons
  A frilled lizard (D:2)
  11 kobolds
  2 rats
94 creatures vanquished.

Vanquished Creatures (others)
  A plant (D:5)
1 creature vanquished.

Grand Total: 95 creatures vanquished

Notes
Turn   | Place    | Note
-------+----------+-------------------------------------------
     0 | D:1      | bearlyready the Demonspawn Hunter began the quest for the
                  | Orb.
     0 | D:1      | Reached XP level 1. HP: 16/16 MP: 1/1
   207 | D:1      | Reached skill level 4 in Slings
   270 | D:1      | Gained mutation: You have a somewhat thin skeletal
                  | structure. (Dex +2, Stealth+) [demonic ancestry]
   270 | D:1      | Reached XP level 2. HP: 22/22 MP: 2/2
   745 | D:2      | Found a faded altar of an unknown god.
   872 | D:2      | Reached XP level 3. HP: 27/27 MP: 3/3
  1563 | D:3      | Noticed Sigmund
  1579 | D:3      | Killed Sigmund
  1580 | D:3      | Reached skill level 5 in Slings
  1580 | D:3      | Gained mutation: You have a moderately thin skeletal
                  | structure. (Dex +4, Stealth++) [demonic ancestry]
  1580 | D:3      | Reached XP level 4. HP: 21/37 MP: 4/4
  1580 | D:3      | Reached XP level 5. HP: 25/42 MP: 5/5
  2065 | D:3      | Reached XP level 6. HP: 48/48 MP: 6/6
  2127 | D:3      | Reached skill level 6 in Slings
  2872 | D:4      | Reached skill level 7 in Slings
  2872 | D:4      | Gained mutation: Your touch may inflict minor irresistible
                  | damage on your foes. [demonic ancestry]
  2872 | D:4      | Reached XP level 7. HP: 37/52 MP: 7/7
  2994 | D:4      | Noticed Pikel
  3511 | D:4      | Found an iron altar of Okawaru.
  3520 | D:4      | Became a worshipper of Warmaster Okawaru
  4153 | D:4      | Killed Pikel
  4153 | D:4      | Reached * piety under Okawaru
  4154 | D:4      | Reached skill level 5 in Fighting
  4154 | D:4      | Reached XP level 8. HP: 13/62 MP: 7/10
  4747 | D:5      | Entered Level 5 of the Dungeon
  4951 | D:5      | Found Onar's Hydra Hut.
  4956 | D:5      | Noticed a five-headed hydra
  4975 | D:5      | Identified the +8 dagger "Xudefuwk" {flame, Fragile rN+
                  | Will+ rCorr Int+4}
  5047 | D:5      | Found a shadowy altar of Dithmenos.
  5104 | D:5      | Reached skill level 8 in Slings
  5184 | D:5      | Found a runed translucent door.
  5185 | D:5      | Noticed Crazy Yiuf
  5279 | D:5      | Found a sacrificial altar of Ru.
  5289 | D:5      | Reached ** piety under Okawaru
  5290 | D:5      | Reached skill level 5 in Invocations
  5475 | D:5      | Found an opulent altar of Gozag.
  5475 | D:5      | Found a hide-covered altar of Uskayaw.
  5934 | D:6      | Found a glowing drain.
  5944 | Sewer    | Entered a sewer
  6059 | Sewer    | Gained mutation: You are clumsy. (Dex -2) [potion of
                  | mutation]
  6059 | Sewer    | Gained mutation: You possess an exceptional clarity of
                  | mind. [potion of mutation]
  6065 | Sewer    | Asphyxiated

Illustrated notes

Levels and vault maps discovered:
D:1:      roderic_dead_forest, layout_basic, st_stairs_13
D:2:      layout_loops_ring, shapermc_ecumenical_altar_venn
D:3:      layout_loops_ring, uniq_sigmund
D:4:      layout_cave_pods, okawaru_metal_pillars_1_2, minmay_quadrilaterals,
          uniq_pikel
D:5:      layout_cave_pools, nicolae_ru_awakened_eye,
          gammafunk_temple_overflow_wave, zin_academy,
          mainiacjoe_overflow_six_doors_small, doesnt_shop_hydraphobe,
          uniq_crazy_yiuf_cottage
D:6:      kennysheep_spiral_hall, layout_rooms, minmay_temple_entry_tees,
          cheibrodos_sewer_entry_sluice, eino_small_chamber_without_monster
Sewer:    sewer_co_tree

Skill      XL: |  1  2  3  4  5  6  7  8 |
---------------+-------------------------+-----
Slings         | 4 5 7 8 |  8.3
Fighting       | 3 4 5 6 |  6.4
Invocations    | 3 5 |  5.9
Dodging        | |  1.7
Stealth        | |  0.8

Action                   |  1- 3 |  4- 6 |  7- 9 || total
-------------------------+-------+-------+-------++-------
Melee: Short sword       |     6 |       |    12 ||    18
       Touch             |       |       |     3 ||     3
 Fire: Hunting sling     |   101 |    12 |       ||   113
       Fustibalus        |       |    73 |   215 ||   288
  Use: Potion            |     1 |       |     7 ||     8
       Scroll            |       |       |     7 ||     7
Armor: Leather armour    |     4 |       |       ||     4
       Ring mail         |    10 |     6 |    32 ||    48
       Skin              |       |       |     2 ||     2
Dodge: Dodged            |    26 |    20 |    58 ||   104

Table legend: (Time is in decaauts)
 A = Elapsed time spent in this place.
 B = Non-inter-level travel time spent in this place.
 C = Inter-level travel time spent in this place.
 D = Time resting spent in this place.
 E = Time spent auto-exploring this place.
 F = Levels seen in this place.
 G = Mean time per level.
                   A        B        C        D        E       F      G
               +--------+--------+--------+--------+--------+-----+--------+
         Total |   6108 |   5943 |    165 |    611 |   4347 |   7 |  872.6 |
       Dungeon |   5967 |   5802 |    165 |    611 |   4248 |   6 |  994.5 |
         Sewer |    141 |    141 |      0 |      0 |     99 |   1 |  141.0 |
               +--------+--------+--------+--------+--------+-----+--------+

Top non-repeatable levels by time:
     D:4: 1973 daAuts
     D:3: 1421 daAuts
     D:5: 1109 daAuts
     D:2: 758 daAuts
     D:1: 615 daAuts
   Sewer: 141 daAuts
     D:6: 89 daAuts
